AoeStats
← KootH.

African Clearing

506958635Analyzed
4v4 RM · 16d ago on Sep 16, 2026· 41m 28s· 8 players
Game mode
Random Map
Map size
Large (8 player)
Population
200
Speed
Normal
Resources
Standard
Victory
Conquest
Starting age
Dark Age
Ending age
Imperial Age
RankedLock teamsTeams togetherTeam positionsShared explorationLock speedFull tech treeHidden civsTurbo modeCheats
Victory
Defeat
🇲🇽 Mongols · Mexico
1532
+11
🇲🇽 Huns · Mexico
1515
+11
🇦🇷 Portuguese · Argentina
1438
+14
🇹🇼 Japanese · Taiwan
1416
+16
🇨🇴 Vikings · Colombia
1456
-15
🇲🇽 Britons · Mexico
1406
-13
🇨🇴 Persians · Colombia
1389
-12
🇲🇽 Mongols · Mexico
1382
-12
robecha18
4:20 Loom
14:35 Feudal Age
15:18 Double-Bit Axe
18:21 Castle Age
21:09 Bow Saw
21:08 Stone Mining
22:07 Husbandry
21:54 Horse Collar
23:16 Wheelbarrow
24:21 Heavy Plow
26:01 Bloodlines
27:13 Scale Barding Armor
27:19 Forging
27:32 Marauders
29:47 Hand Cart
30:08 Chain Barding Armor
31:51 Iron Casting
35:54 Imperial Age
33:12 Town Watch
33:28 Gold Mining
36:06 Gold Shaft Mining
36:27 Fletching
36:08 Elite Tarkan
37:12 Conscription
37:30 Plate Barding Armor
39:52 Blast Furnace
SimmaHem7912
偷偷
15:14 Feudal Age
16:29 Loom
19:46 Castle Age
17:52 Double-Bit Axe
18:14 Fishing Lines
20:21 Fletching
20:50 Bloodlines
20:35 Gold Mining
20:43 Gillnets
21:08 Husbandry
22:11 Bow Saw
23:09 Wheelbarrow
23:20 Bodkin Arrow
28:08 Thumb Ring
32:07 Hand Cart
34:36 Guard Tower
35:07 Ballistics
37:32 Yasama
40:22 Padded Archer Armor
Bass
12:32 Loom
14:27 Feudal Age
20:29 Castle Age
19:33 Double-Bit Axe
21:00 Town Watch
22:04 Bow Saw
24:21 Horse Collar
30:26 Wheelbarrow
30:14 Fletching
36:46 Imperial Age
34:58 Gold Mining
35:11 Stone Mining
35:26 Bodkin Arrow
36:38 Stone Shaft Mining
36:56 Elite Organ Gun
38:02 Conscription
38:43 Arquebus
39:30 Heavy Plow
39:56 Hand Cart
KootH.
6:05 Loom
13:02 Feudal Age
17:50 Castle Age
15:41 Double-Bit Axe
19:05 Bow Saw
26:22 Wheelbarrow
26:25 Husbandry
26:35 Bloodlines
28:26 Horse Collar
31:02 Forging
35:44 Hand Cart
36:19 Scale Barding Armor
36:50 Iron Casting
40:21 Imperial Age
39:52 Chain Barding Armor
40:42 Murder Holes
Charro
12:08 Feudal Age
16:23 Castle Age
15:14 Double-Bit Axe
17:18 Loom
18:58 Town Watch
20:52 Fletching
24:08 Bodkin Arrow
26:09 Bow Saw
35:49 Gold Mining
38:24 Wheelbarrow
38:27 Padded Archer Armor
39:56 Thumb Ring
40:35 Scale Barding Armor
41:10 Hand Cart
41:49 Ballistics
41:12 Elite Skirmisher
MEX_Angel_Tj
Viva Cristo
Connection lost

Rejoining the realm…

Still unreachable

The connection could not be restored.

Session expired

The server has moved on; the page needs a fresh start.